 Dungeon Crawl Stone Soup version 0.31-a0-803-g95b03c3367 (webtiles) character file.

Game seed: 17822144546381228610

88 hikkokomori the Conjurer (level 4, 0/25 HPs)
             Began as a Deep Elf Conjurer on Sept 20, 2023.
             Slain by an orc wizard
             ... wielding a +0 dagger of holy wrath
              (1 damage)
             ... on level 3 of the Dungeon.
             The game lasted 00:03:54 (2487 turns).

hikkokomori the Conjurer (Deep Elf Conjurer)        Turns: 2487, Time: 00:03:54

Health: 0/25       AC:  3    Str:  4    XL:     4   Next: 30%
Magic:  0/12       EV: 12    Int: 25    God:
Gold:   25         SH:  0    Dex: 13    Spells: 8/11 levels left

rFire   . . .        f - +1 short sword (venom)
rCold   . . .        (no shield)
rNeg    . . .        l - +1 robe {Will+}
rPois   +            (no helmet)
rElec   .            (no cloak)
rCorr   .            (no gloves)
SInv    .            (no boots)
Will    +....        (no amulet)
Stlth   ++           d - ring of poison resistance
HPRegen 0.24/turn    (no ring)
MPRegen 0.13/turn

%: no passive effects
@: no status effects
A: no striking features
a: no special abilities


You were on level 3 of the Dungeon.
You visited 1 branch of the dungeon, and saw 3 of its levels.

You collected 67 gold pieces.
You spent 42 gold pieces at shops.

Inventory:

Hand Weapons
 f - a +1 short sword of venom (weapon)
Armour
 a - a +0 robe
 l - a +1 robe of willpower (worn)
Jewellery
 d - a ring of poison resistance (left hand)
Scrolls
 c - a scroll of poison {unknown}
 e - 2 scrolls of teleportation {unknown}
 g - a scroll of blinking {unknown}
 h - a scroll of fear {unknown}
 i - 4 scrolls of identify {unknown}
 m - a scroll of vulnerability {unknown}
 n - a scroll of revelation {unknown}
 p - a scroll of fog {unknown}
Potions
 b - a potion of magic
 j - a potion of heal wounds {unknown}
 k - a potion of curing
 o - a potion of might {unknown}


   Skills:
 + Level 1.3 Fighting
 - Level 2.4 Dodging
 + Level 3.5 Stealth
 + Level 4.0 Spellcasting
 + Level 5.0 Conjurations


You had 8 spell levels left.
You knew the following spells:

 Your Spells              Type           Power      Damage    Failure   Level
a - Magic Dart            Conj           100%       1d8       1%          1
b - Searing Ray           Conj           60%        2d6       1%          2

Your spell library contained the following spells:

 Spells                   Type           Power      Damage    Failure   Level
 Dazzling Flash           Conj/Hex       34%        N/A       10%         3
 Fulminant Prism          Conj/Hex       8%         3d7       32%         4
 Iskenderun's Mystic Bla  Conj/Tloc      17%        2d5       32%         4


Dungeon Overview and Level Annotations

Branches:
Dungeon (3/15)

Altars:
Nemelex Xobeh

Shops:
D:1 !   D:2 :


Message History

Press: ? - help, Shift-Dir - straight line The searing ray hits the goblin!
You kill the goblin!
The searing ray hits the orc.
The orc is severely wounded.
The searing ray hits something. (Press . to maintain the ray.)
The searing ray hits the orc.
You kill the orc!
The searing ray hits something but does no damage.
Something hits you.
Things that are here:
a +0 whip; a +0 leather armour; a +0 dagger of pain You closely miss something.
Something hits you but does no damage.
You hit something. Something hits you.
You miss something. Something hits you.
You barely miss something. Something hits you but does no damage.
You closely miss something. Something hits you.
You closely miss something. Something barely misses you.
You miss something.
You hear some strange, mumbled words.
A puff of flame appears from out of thin air!
The puff of flame hits you!
You closely miss something. Something hits you.
Casting: Searing Ray (safe; 1% risk of failure)
Confirm with . or Enter, or press ? or * to list all spells.
You can't see any susceptible monsters within range! (Use Z to cast anyway.) Unknown command.
Casting: Searing Ray (safe; 1% risk of failure)
Confirm with . or Enter, or press ? or * to list all spells.
Aiming: Searing Ray (safe; 1% risk of failure)
Press: ? - help, Shift-Dir - straight line (Press . to maintain the ray.)
You hear some strange, mumbled words.
A puff of flame appears from out of thin air!
The puff of flame hits you!
* * * LOW HITPOINT WARNING * * *
Something hits you but does no damage. Something hits you.
You die...

#.# #.# #†#
#.#
#.########
####...)....#
#.......###.#
#.#####.# #.#
#.# #.# #@#
#.# #.# #{#
#.## #.# #.#
#..# #.# #.#
##.# #.# #.#
#.#
#.....).o..{.
#.#
#######...##.
#.# ..## #.#
##


There were no monsters in sight!

Vanquished Creatures
  2 worms
  2 dart slugs
  2 orcs (D:3)
  8 ball pythons
  7 bats
  2 endoplasms
  4 giant cockroaches
  5 goblins
  7 hobgoblins
  12 jackals
  5 kobolds
  2 quokkas
  2 frilled lizards
  7 rats
67 creatures vanquished.

Notes
Turn   | Place    | Note
-------+----------+-------------------------------------------
     0 | D:1      | hikkokomori the Deep Elf Conjurer began the quest for the
                  | Orb.
     0 | D:1      | Reached XP level 1. HP: 10/10 MP: 6/6
   125 | D:1      | Reached XP level 2. HP: 16/16 MP: 0/8
   128 | D:1      | Learned a level 2 spell: Searing Ray
   662 | D:1      | Reached XP level 3. HP: 20/20 MP: 8/10
   724 | D:1      | Reached skill level 1 in Fighting
   984 | D:1      | Found Socos Xomne's Distillery.
   988 | D:1      | Bought a potion of curing for 42 gold pieces
  1156 | D:2      | Found Sotsadil's Book Shoppe.
  1736 | D:2      | Reached XP level 4. HP: 25/25 MP: 0/11
  2308 | D:3      | Reached skill level 5 in Conjurations
  2338 | D:3      | Found a sparkling altar of Nemelex Xobeh.
  2485 | D:3      | HP: 1/25 [something/puff of flame (7)]
  2487 | D:3      | Slain by an orc wizard

Illustrated notes

Levels and vault maps discovered:
D:1:      ncdulo_watergridlock, layout_rooms, serial_shops, shop_statue,
          minmay_tree_intersection, st_stairs_11
D:2:      layout_loops_ring, serial_shops, nicolae_shop_advertising_works
          [nicolae_subvault_shop_adworks], minmay_misc_feat_secret_circle,
          minivault_19, kennysheep_cross_room
D:3:      layout_loops_ring, nemelex_xobeh_ov_fountains_minmay, minmay_unequal

Skill      XL: |  1  2  3  4 |
---------------+-------------+-----
Stealth        | 3 |  3.5
Fighting       | 1 |  1.3
Spellcasting   | 4 |  4.0
Conjurations   | 5 |  5.0
Dodging        | |  2.4

Action                     |  1- 3 |  4- 6 || total
---------------------------+-------+-------++-------
  Melee: Unarmed           |     2 |       ||     2
         Short sword       |     1 |     8 ||     9
   Cast: Magic Dart        |   113 |    24 ||   137
         Searing Ray       |     2 |     3 ||     5
 Armour: Robe              |     5 |    12 ||    17
  Dodge: Dodged            |     6 |     4 ||    10

Table legend: (Time is in decaauts)
 A = Elapsed time spent in this place.
 B = Non-inter-level travel time spent in this place.
 C = Inter-level travel time spent in this place.
 D = Time resting spent in this place.
 E = Time spent auto-exploring this place.
 F = Levels seen in this place.
 G = Mean time per level.
                   A        B        C        D        E       F      G
               +--------+--------+--------+--------+--------+-----+--------+
         Total |   2489 |   2415 |     74 |     57 |   2070 |   3 |  829.7 |
       Dungeon |   2489 |   2415 |     74 |     57 |   2070 |   3 |  829.7 |
               +--------+--------+--------+--------+--------+-----+--------+

Top non-repeatable levels by time:
     D:2: 1222 daAuts
     D:1: 1025 daAuts
     D:3: 240 daAuts
